[ PARTIDA AOE2 · #506548100 ]
UnrankedSarracenos vs Koreans
Equipo del jugador · DERR
Equipo rival · VICT
[ ANÁLISIS DE REPETICIÓN · EXTRAÍDO DE LA PARTIDA GRABADA ]
Feudal
11:03
Castillos
19:17
Imperial
36:05
| APM promedio | 69.1 |
| APM pico | 149 |
| eAPM promedio | 33.9 |
| Aldeanos / militares | 175 / 48 |
Foco
⚔️ 25.5% · 🌾 74.5%
Mameluke ×31 · Mangonel ×6 · Monk ×4 · Militia ×4 · Knight ×3
Feudal
8:53
Castillos
19:51
Imperial
32:39
| APM promedio | 46.2 |
| APM pico | 90 |
| eAPM promedio | 22.1 |
| Aldeanos / militares | 147 / 82 |
Foco
⚔️ 32.7% · 🌾 67.3%
Archer ×40 · Fire Lancer ×26 · Trebuchet (Packed) ×6 · Monk ×4 · Skirmisher ×4 · Spearman ×2
Mapa de la partida
Recursos iniciales + cada clic de construcción. Líneas = muros · curvas = relieve. ◆ oro · ⬟ piedra · ● bayas · ✦ reliquia · ◌ hueco del cierre
Tu base· ✓ Cerrada en 19:17 · 37t muro · 1 puerta(s)
Base de [CL] Eduardo· ✓ Cerrada en 19:51 · 34t muro · 1 puerta(s)
Terreno inicial suavizado · ◌ = hueco del cierre detectado · pasá el cursor para detalles
Inputs por minuto
— Gil-galad - - [CL] Eduardo
Build order — Gil-galad
Primeras 150 de 373 acciones detectadas
| 0:00 | Encolar | Villager (Male) |
| 0:01 | Encolar | Villager (Male) |
| 0:01 | Encolar | Villager (Male) |
| 0:02 | Construir | House |
| 0:03 | Construir | House |
| 0:05 | Encolar | Villager (Male) |
| 0:05 | Encolar | Villager (Male) |
| 1:32 | Encolar | Villager (Male) |
| 1:33 | Encolar | Villager (Male) |
| 1:44 | Construir | Lumber Camp |
| 2:00 | Encolar | Villager (Male) |
| 2:00 | Encolar | Villager (Male) |
| 2:33 | Encolar | Villager (Male) |
| 2:34 | Encolar | Villager (Male) |
| 2:59 | Encolar | Villager (Male) |
| 3:00 | Encolar | Villager (Male) |
| 3:05 | Encolar | Villager (Male) |
| 3:05 | Encolar | Villager (Male) |
| 3:47 | Encolar | Villager (Male) |
| 3:47 | Encolar | Villager (Male) |
| 3:53 | Construir | House |
| 4:09 | Encolar | Villager (Male) |
| 4:09 | Encolar | Villager (Male) |
| 4:24 | Encolar | Villager (Male) |
| 4:24 | Encolar | Villager (Male) |
| 4:33 | Construir | Barracks |
| 4:48 | Encolar | Villager (Male) |
| 4:48 | Encolar | Villager (Male) |
| 5:10 | Encolar | Villager (Male) |
| 5:11 | Encolar | Villager (Male) |
| 5:17 | Construir | House |
| 5:26 | Encolar | Militia |
| 5:27 | Encolar | Militia |
| 5:41 | Encolar | Villager (Male) |
| 5:42 | Encolar | Villager (Male) |
| 6:05 | Encolar | Villager (Male) |
| 6:11 | Encolar | Militia |
| 6:11 | Encolar | Militia |
| 6:31 | Construir | Mill |
| 6:42 | Encolar | Villager (Male) |
| 6:53 | Construir | House |
| 6:55 | Construir | Palisade Wall |
| 6:56 | Encolar | Villager (Male) |
| 7:20 | Encolar | Villager (Male) |
| 7:25 | Construir | Farm |
| 7:46 | Encolar | Villager (Male) |
| 8:17 | Investigar | Loom |
| 8:25 | Construir | Palisade Wall |
| 8:28 | Construir | Palisade Wall |
| 8:53 | Investigar | Feudal Age |
| 8:53 | Investigar | Feudal Age |
| 9:19 | Encolar | Villager (Male) |
| 9:35 | Construir | Palisade Gate |
| 9:40 | Construir | Lumber Camp |
| 9:50 | Encolar | Villager (Male) |
| 9:56 | Construir | Palisade Wall |
| 9:58 | Construir | Palisade Wall |
| 10:01 | Construir | Palisade Wall |
| 10:06 | Construir | Palisade Wall |
| 10:28 | Encolar | Villager (Male) |
| 11:03 | Edad | Edad Feudal |
| 11:11 | Investigar | Double-Bit Axe |
| 11:12 | Investigar | Horse Collar |
| 11:13 | Encolar | Villager (Male) |
| 11:15 | Construir | Farm |
| 11:20 | Construir | Farm |
| 11:35 | Encolar | Villager (Male) |
| 11:37 | Construir | Farm |
| 11:43 | Construir | Farm |
| 11:56 | Construir | Mining Camp |
| 11:59 | Encolar | Villager (Male) |
| 11:59 | Encolar | Villager (Male) |
| 12:07 | Construir | Farm |
| 12:20 | Construir | Watch Tower |
| 13:02 | Encolar | Villager (Male) |
| 13:04 | Construir | Farm |
| 13:06 | Construir | House |
| 13:40 | Construir | Farm |
| 13:42 | Construir | Farm |
| 13:44 | Investigar | Town Watch |
| 13:45 | Encolar | Villager (Male) |
| 13:51 | Construir | Farm |
| 13:54 | Construir | Farm |
| 13:56 | Construir | Farm |
| 14:05 | Construir | Farm |
| 14:08 | Construir | Farm |
| 14:09 | Encolar | Villager (Male) |
| 14:27 | Construir | Market |
| 14:42 | Construir | House |
| 15:05 | Construir | Lumber Camp |
| 15:08 | Encolar | Villager (Male) |
| 15:20 | Encolar | Villager (Male) |
| 15:48 | Construir | Blacksmith |
| 16:00 | Encolar | Villager (Male) |
| 16:37 | Investigar | Castle Age |
| 16:37 | Investigar | Castle Age |
| 16:37 | Investigar | Castle Age |
| 16:57 | Construir | Stable |
| 17:00 | Investigar | Scale Barding Armor |
| 17:14 | Investigar | Gold Mining |
| 17:33 | Encolar | Villager (Male) |
| 17:58 | Investigar | Bloodlines |
| 18:18 | Construir | Farm |
| 18:37 | Encolar | Villager (Male) |
| 19:17 | Edad | Edad de los Castillos |
| 19:18 | Encolar | Knight |
| 19:18 | Encolar | Knight |
| 19:30 | Construir | Town Center |
| 19:42 | Construir | Town Center |
| 19:46 | Encolar | Knight |
| 19:50 | Encolar | Villager (Male) |
| 19:52 | Investigar | Bow Saw |
| 20:06 | Encolar | Villager (Male) |
| 20:20 | Encolar | Villager (Male) |
| 20:21 | Construir | House |
| 20:22 | Construir | House |
| 20:36 | Encolar | Villager (Male) |
| 20:52 | Encolar | Villager (Male) |
| 20:59 | Encolar | Villager (Male) |
| 21:00 | Construir | Siege Workshop |
| 21:16 | Encolar | Villager (Male) |
| 21:18 | Encolar | Villager (Male) |
| 21:24 | Encolar | Villager (Male) |
| 21:33 | Encolar | Villager (Male) |
| 21:35 | Encolar | Villager (Male) |
| 21:36 | Encolar | Villager (Male) |
| 21:36 | Encolar | Villager (Male) |
| 21:51 | Encolar | Villager (Male) |
| 22:00 | Construir | Farm |
| 22:05 | Encolar | Villager (Male) |
| 22:08 | Encolar | Mangonel |
| 22:14 | Encolar | Villager (Male) |
| 22:17 | Construir | Farm |
| 22:18 | Encolar | Villager (Male) |
| 22:19 | Encolar | Villager (Male) |
| 22:38 | Encolar | Villager (Male) |
| 22:38 | Encolar | Villager (Male) |
| 22:38 | Encolar | Villager (Male) |
| 22:49 | Encolar | Villager (Male) |
| 23:01 | Encolar | Villager (Male) |
| 23:03 | Construir | Town Center |
| 23:11 | Encolar | Villager (Male) |
| 23:14 | Construir | Monastery |
| 23:23 | Encolar | Villager (Male) |
| 23:23 | Encolar | Villager (Male) |
| 23:26 | Construir | Farm |
| 23:35 | Encolar | Villager (Male) |
| 23:37 | Construir | House |
| 23:40 | Construir | Farm |
| 23:45 | Construir | Farm |
Build order — [CL] Eduardo
Primeras 150 de 370 acciones detectadas
| 0:00 | Encolar | Villager (Male) |
| 0:00 | Encolar | Villager (Male) |
| 0:01 | Encolar | Villager (Male) |
| 0:02 | Construir | House |
| 0:02 | Encolar | Villager (Male) |
| 0:03 | Construir | House |
| 1:25 | Encolar | Villager (Male) |
| 1:53 | Construir | Lumber Camp |
| 1:57 | Encolar | Villager (Male) |
| 2:28 | Encolar | Villager (Male) |
| 2:30 | Encolar | Villager (Male) |
| 3:16 | Encolar | Villager (Male) |
| 3:32 | Encolar | Villager (Male) |
| 3:37 | Encolar | Villager (Male) |
| 4:07 | Construir | House |
| 4:08 | Construir | House |
| 4:37 | Encolar | Villager (Male) |
| 4:38 | Encolar | Villager (Male) |
| 4:52 | Construir | Mill |
| 4:58 | Encolar | Villager (Male) |
| 5:10 | Encolar | Villager (Male) |
| 5:12 | Encolar | Villager (Male) |
| 5:18 | Encolar | Villager (Male) |
| 5:24 | Encolar | Villager (Male) |
| 5:31 | Encolar | Villager (Male) |
| 5:45 | Investigar | Loom |
| 6:05 | Construir | Lumber Camp |
| 6:43 | Investigar | Feudal Age |
| 8:18 | Construir | Barracks |
| 8:50 | Encolar | Villager (Male) |
| 8:53 | Edad | Edad Feudal |
| 8:54 | Construir | Archery Range |
| 9:22 | Encolar | Villager (Male) |
| 9:26 | Encolar | Spearman |
| 9:28 | Encolar | Villager (Male) |
| 9:38 | Investigar | Double-Bit Axe |
| 9:52 | Encolar | Spearman |
| 9:58 | Encolar | Skirmisher |
| 10:19 | Encolar | Villager (Male) |
| 10:24 | Construir | House |
| 10:25 | Construir | House |
| 10:36 | Encolar | Archer |
| 10:40 | Encolar | Villager (Male) |
| 10:51 | Encolar | Archer |
| 10:59 | Construir | Mining Camp |
| 11:05 | Encolar | Villager (Male) |
| 11:15 | Encolar | Skirmisher |
| 11:20 | Encolar | Villager (Male) |
| 11:22 | Construir | Farm |
| 11:24 | Construir | Farm |
| 11:26 | Construir | Farm |
| 11:27 | Construir | Farm |
| 11:32 | Encolar | Skirmisher |
| 11:36 | Construir | House |
| 11:38 | Construir | Palisade Wall |
| 12:05 | Encolar | Villager (Male) |
| 12:07 | Encolar | Skirmisher |
| 12:29 | Encolar | Villager (Male) |
| 12:32 | Construir | Farm |
| 12:35 | Construir | Farm |
| 12:38 | Investigar | Horse Collar |
| 12:42 | Encolar | Villager (Male) |
| 13:04 | Encolar | Villager (Male) |
| 13:08 | Construir | Farm |
| 13:10 | Construir | Farm |
| 13:11 | Construir | Farm |
| 13:14 | Construir | Farm |
| 13:23 | Encolar | Villager (Male) |
| 13:39 | Construir | Farm |
| 13:48 | Construir | House |
| 13:49 | Construir | Palisade Wall |
| 13:56 | Encolar | Villager (Male) |
| 14:22 | Construir | House |
| 14:23 | Encolar | Villager (Male) |
| 14:40 | Construir | House |
| 14:52 | Encolar | Villager (Male) |
| 14:54 | Construir | Blacksmith |
| 15:19 | Construir | Palisade Gate |
| 15:22 | Construir | Palisade Wall |
| 15:24 | Encolar | Villager (Male) |
| 15:29 | Construir | Farm |
| 15:43 | Construir | House |
| 15:45 | Construir | Palisade Wall |
| 15:52 | Encolar | Villager (Male) |
| 15:59 | Construir | Farm |
| 16:18 | Encolar | Villager (Male) |
| 16:46 | Encolar | Villager (Male) |
| 17:11 | Investigar | Castle Age |
| 17:12 | Investigar | Castle Age |
| 17:24 | Construir | Palisade Wall |
| 17:30 | Construir | House |
| 17:31 | Construir | Palisade Wall |
| 18:09 | Encolar | Archer |
| 18:11 | Construir | Archery Range |
| 18:21 | Investigar | Fletching |
| 18:37 | Encolar | Archer |
| 18:41 | Investigar | Gold Mining |
| 19:08 | Encolar | Archer |
| 19:22 | Encolar | Archer |
| 19:33 | Encolar | Archer |
| 19:51 | Edad | Edad de los Castillos |
| 19:51 | Encolar | Villager (Male) |
| 19:53 | Investigar | Crossbowman (upgrade) |
| 19:55 | Investigar | Bodkin Arrow |
| 20:13 | Encolar | Villager (Male) |
| 20:16 | Construir | Town Center |
| 20:24 | Investigar | Wheelbarrow |
| 20:26 | Construir | Farm |
| 20:32 | Encolar | Villager (Male) |
| 20:44 | Construir | Monastery |
| 20:57 | Encolar | Villager (Male) |
| 21:04 | Encolar | Villager (Male) |
| 21:06 | Construir | House |
| 21:16 | Encolar | Archer |
| 21:16 | Encolar | Archer |
| 21:21 | Encolar | Villager (Male) |
| 21:22 | Encolar | Monk |
| 21:26 | Encolar | Villager (Male) |
| 21:36 | Construir | Farm |
| 21:40 | Encolar | Villager (Male) |
| 22:01 | Encolar | Villager (Male) |
| 22:02 | Encolar | Archer |
| 22:02 | Encolar | Archer |
| 22:07 | Construir | House |
| 22:10 | Construir | Palisade Wall |
| 22:14 | Encolar | Villager (Male) |
| 22:19 | Investigar | Bow Saw |
| 22:21 | Encolar | Villager (Male) |
| 22:25 | Encolar | Monk |
| 22:30 | Encolar | Villager (Male) |
| 22:38 | Construir | Town Center |
| 22:49 | Encolar | Villager (Male) |
| 22:55 | Encolar | Archer |
| 22:55 | Encolar | Archer |
| 23:00 | Construir | Farm |
| 23:02 | Construir | Farm |
| 23:03 | Construir | Farm |
| 23:04 | Construir | Farm |
| 23:07 | Encolar | Villager (Male) |
| 23:13 | Encolar | Villager (Male) |
| 23:15 | Encolar | Monk |
| 23:20 | Construir | Farm |
| 23:22 | Encolar | Villager (Male) |
| 23:24 | Encolar | Villager (Male) |
| 23:31 | Encolar | Villager (Male) |
| 23:35 | Construir | Farm |
| 23:36 | Encolar | Villager (Male) |
| 23:44 | Encolar | Villager (Male) |
| 23:56 | Encolar | Villager (Male) |
| 24:00 | Encolar | Villager (Male) |
Cronología de la partida
| 4:33 | Gil-galad · first_building Barracks |
| 6:55 | Gil-galad · wall_segment Palisade Wall x2 |
| 8:18 | [CL] Eduardo · first_building Barracks |
| 8:25 | Gil-galad · wall_segment Palisade Wall x8 |
| 8:28 | Gil-galad · wall_segment Palisade Wall x8 |
| 8:53 | [CL] Eduardo · age_up feudal |
| 8:54 | [CL] Eduardo · first_building Archery Range |
| 9:56 | Gil-galad · wall_segment Palisade Wall x8 |
| 9:58 | Gil-galad · wall_segment Palisade Wall x6 |
| 10:01 | Gil-galad · wall_segment Palisade Wall x1 |
| 10:06 | Gil-galad · wall_segment Palisade Wall x4 |
| 11:03 | Gil-galad · age_up feudal |
| 11:38 | [CL] Eduardo · wall_segment Palisade Wall x3 |
| 13:49 | [CL] Eduardo · wall_segment Palisade Wall x1 |
| 15:22 | [CL] Eduardo · wall_segment Palisade Wall x12 |
| 15:45 | [CL] Eduardo · wall_segment Palisade Wall x10 |
| 16:35 | Gil-galad · first_market_sell 100 wood |
| 16:36 | Gil-galad · first_market_buy 100 food |
| 16:57 | Gil-galad · first_building Stable |
| 17:24 | [CL] Eduardo · wall_segment Palisade Wall x7 |
| 17:31 | [CL] Eduardo · wall_segment Palisade Wall x1 |
| 19:17 | Gil-galad · age_up castle |
| 19:51 | [CL] Eduardo · age_up castle |
| 20:44 | [CL] Eduardo · first_building Monastery |
| 21:00 | Gil-galad · first_building Siege Workshop |
| 22:10 | [CL] Eduardo · wall_segment Palisade Wall x1 |
| 23:14 | Gil-galad · first_building Monastery |
| 24:38 | [CL] Eduardo · wall_segment Palisade Wall x1 |
| 24:39 | [CL] Eduardo · wall_segment Palisade Wall x1 |
| 26:46 | Gil-galad · first_building Castle |
| 27:40 | [CL] Eduardo · first_building Siege Workshop |
| 31:52 | [CL] Eduardo · first_building Castle |
| 32:39 | [CL] Eduardo · age_up imperial |
| 32:59 | [CL] Eduardo · first_market_buy 100 food |
| 34:41 | [CL] Eduardo · first_market_sell 100 wood |
| 36:05 | Gil-galad · age_up imperial |
| 39:21 | Gil-galad · resign |
[ ANÁLISIS IA · 1 CRÉDITO ]
¿Qué pasó realmente en esta partida?
Wolo.gg analiza cada decisión: build order, eco, micro, errores típicos por bracket. Análisis personalizado por WhatsApp o Discord en 30 segundos.
Guía civ
Sarracenos
Perfil
Jugador #322559